 Dungeon Crawl Stone Soup version 0.32-a0-128-g77eb882913 (webtiles) character file.

Game seed: 8131660125496812943

103 Nattfarinn the Changeling (level 4, -4/57 HPs)
             Began as a Naga Shapeshifter on Feb 8, 2024.
             Slain by a gnoll
             ... wielding a +0 halberd
              (7 damage)
             ... on level 3 of the Dungeon.
             The game lasted 00:07:05 (2289 turns).

Nattfarinn the Changeling (Naga Shapeshifter)       Turns: 2289, Time: 00:07:05

Health: -4/57      AC: 22    Str: 16 (17) XL:     4   Next: 79%
Magic:  5/8        EV:  1    Int:  9 (12) God:
Gold:   88         SH:  0    Dex:  9 (10) Spells: 8/9 levels left

rFire   . . .        p - +2 dagger (holy)
rCold   . . .        (no shield)
rNeg    . . .        a - melded +0 animal skin
rPois   +            (helmet currently unavailable)
rElec   .            (cloak currently unavailable)
rCorr   .            (gloves currently unavailable)
SInv    +            (no barding)
Will    +....        (no amulet)
Stlth   +            (no ring)
HPRegen 0.29/turn    (no ring)
MPRegen 0.11/turn

%: no passive effects
@: brilliant, tree-form, enlightened
A: stationary, stasis, torment immunity, boosted hp, AC +1, large, see
invisible, (deformed body), (poison resistance), (slowness 2), spit poison 1,
(naga tail 1)
a: Spit Poison


You were on level 3 of the Dungeon.
You were a tree.
You visited 1 branch of the dungeon, and saw 3 of its levels.

You collected 88 gold pieces.

Inventory:

Hand Weapons
 p - a +2 dagger of holy wrath (weapon)
Armour
 a - a +0 animal skin (melded)
 o - a +0 cloak
Jewellery
 t - a +4 ring of slaying
Talismans
 c - a beast talisman
 d - a flux talisman
Scrolls
 f - a scroll of enchant armour {unknown}
 g - 2 scrolls of immolation {unknown}
 h - a scroll of teleportation {unknown}
 n - 2 scrolls of identify {unknown}
 q - 2 scrolls of fear {unknown}
 s - a scroll of revelation {unknown}
 u - a scroll of blinking {unknown}
Potions
 e - a potion of degeneration
 j - a potion of invisibility {unknown}
 k - a potion of brilliance
 l - a potion of might {unknown}
 m - a potion of magic {unknown}
 r - a potion of heal wounds {unknown}


   Skills:
 - Level 1.0 Fighting
 - Level 1.5 Dodging
 - Level 3.0 Unarmed Combat
 + Level 3.1 Spellcasting
 * Level 3.7 Shapeshifting


You had 8 spell levels left.
You knew the following spells:

 Your Spells              Type           Power      Damage    Failure   Level
a - Summon Small Mammal   Summ           8%         N/A       30%         1

Your spell library contained the following spells:

 Spells                   Type           Power      Damage    Failure   Level
 Call Canine Familiar     Summ           2%         N/A       65%         3
 Airstrike                Air            1%         2d(1-17)  96%         4
 Summon Blazeheart Golem  Fire/Summ      2%         N/A       96%         4
 Vhi's Electric Charge    Tloc/Air       4%         N/A       96%         4
 Silence                  Hex/Air        1%         N/A       100%        5
 Conjure Ball Lightning   Conj/Air       1%         3x3d6     100%        6
 Sculpt Simulacrum        Ice/Alch       1%         N/A       100%        6
 Ozocubu's Refrigeration  Ice            1%         4d7       100%        7
 Polar Vortex             Ice            1%         N/A       100%        9


Dungeon Overview and Level Annotations

Branches:
Dungeon (3/15)

Altars:

Shops:
D:3 [


Innate Abilities, Weirdness & Mutations

You are a tree.
Your roots penetrate the ground, keeping you stationary.
You cannot be teleported.
You are immune to unholy pain and torment.
Your maximum health is greatly increased.
Your equipment is partially melded.
((Your serpentine skin is tough. (AC +1)))
You have supernaturally acute eyesight. (SInv)
((Armour fits poorly on your strangely shaped body.))
((Your system is resistant to poisons. (rPois)))
((You cover ground very slowly.))
You can spit poison.
((You have a snake-like lower body.))


Message History

The gnoll hits you from afar with a +0 halberd!
The gnoll hits your rat with a +0 whip.
Your rat dies!
Your rat's corpse disappears in a puff of smoke!
The gnoll shouts!
The gnoll attacks as it pursues you!
The gnoll hits you from afar with a +0 halberd!
A gnoll comes into view. It is wielding a +2 heavy flail.
Casting: Summon Small Mammal (safe; 24% risk of failure)
Confirm with . or Enter, or press ? or * to list all spells.
The gnoll shouts!
The gnoll hits you from afar with a +0 halberd.
* * * LOW HITPOINT WARNING * * *
Okay, then.
Your transformation has ended.
You turn into a tree.
Your +0 animal skin melds into your body.
Your roots penetrate the ground.
The gnoll hits you but does no damage.
Unknown command.
You barely miss the gnoll.
The gnoll is heavily wounded.
You have got your breath back.
The gnoll hits you from afar with a +0 halberd.
* * * LOW HITPOINT WARNING * * *
The gnoll hits you but does no damage.
Casting: Summon Small Mammal (safe; 24% risk of failure)
Confirm with . or Enter, or press ? or * to list all spells.
Okay, then.
It was a potion of brilliance.
You feel clever all of a sudden.
The gnoll hits you from afar with a +0 halberd!
* * * LOW HITPOINT WARNING * * *
The gnoll hits you but does no damage.
Your rat barely misses the gnoll.
It was a potion of degeneration.
There was something very wrong with that liquid.
You feel weakened.
You feel dopey.
You feel clumsy.
The gnoll hits you but does no damage. x2; Your rat closely misses the gnoll.
It was a potion of enlightenment.
Your roots keep you in place.
The gnoll hits you from afar with a +0 halberd!
You die...

###.....###....##.#
..#...#+ ##...#.†#
. #... #####.##
#... #.# ###... #.#
#.#...##### #.#
...#..##### #.###
.g.#.#∩'.####...#
#g..###....g♣..#
##.#.#####.gr..#
#...## #..g.###
####...###..###
#.......).†##
#..........#
.............#
..#..........# #
#..........#


You could see 3 gnolls and a friendly rat (summoned).

Vanquished Creatures
  A gnoll (D:1)
  2 adders
  2 ribbon worms (D:3)
  A dart slug (D:1)
  An orc (D:3)
  3 endoplasms
  2 giant cockroaches
  2 goblins
  8 hobgoblins
  7 jackals (D:1)
  2 quokkas
  4 ball pythons
  2 bats (D:1)
  3 frilled lizards
  4 kobolds
  5 rats (D:1)
49 creatures vanquished.

Vanquished Creatures (collateral kills)
  A gnoll (D:3)
  A ball python (D:2)
  A bat (D:1)
  A goblin (D:2)
  A rat (D:1)
5 creatures vanquished.

Grand Total: 54 creatures vanquished

Notes
Turn   | Place    | Note
-------+----------+-------------------------------------------
     0 | D:1      | Nattfarinn the Naga Shapeshifter began the quest for the
                  | Orb.
     0 | D:1      | Reached XP level 1. HP: 18/18 MP: 1/1
   150 | D:1      | Reached skill level 1 in Spellcasting
   176 | D:1      | Reached XP level 2. HP: 25/25 MP: 3/3
   295 | D:1      | Learned a level 1 spell: Summon Small Mammal
   632 | D:1      | Reached XP level 3. HP: 31/31 MP: 6/6
  1428 | D:2      | Reached XP level 4. HP: 38/38 MP: 5/8
  1647 | D:2      | Got the Directory of Fumes
  2215 | D:3      | Found Muzeul's Armour Emporium.
  2287 | D:3      | HP: 2/57 [gnoll/+0 halberd (7)]
  2289 | D:3      | Slain by a gnoll

Illustrated notes

Levels and vault maps discovered:
D:1:      giann_bridges, layout_basic, kennysheep_minor_cross
D:2:      layout_loops_ring
D:3:      layout_rooms, serial_shops, nicolae_shop_tiny_glass,
          grunt_ministairs_6

Skill      XL: |  1  2  3  4 |
---------------+-------------+-----
Spellcasting   | 1 2 3 |  3.1
Fighting       | |  1.0
Dodging        | |  1.5
Unarmed Combat | |  3.0
Shapeshifting  | |  3.7

Action                     |  1- 3 |  4- 6 || total
---------------------------+-------+-------++-------
  Melee: Unarmed           |    80 |       ||    80
         Dagger            |       |    36 ||    36
         Punch             |       |     3 ||     3
   Cast: Summon Small Mamm |    13 |    10 ||    23
Ability: Spit Poison       |    30 |    11 ||    41
    Use: Potion            |       |     4 ||     4
 Armour: Animal skin       |    66 |    22 ||    88
         Skin              |       |     8 ||     8
  Dodge: Dodged            |    51 |    13 ||    64

Table legend: (Time is in decaauts)
 A = Elapsed time spent in this place.
 B = Non-inter-level travel time spent in this place.
 C = Inter-level travel time spent in this place.
 D = Time resting spent in this place.
 E = Time spent auto-exploring this place.
 F = Levels seen in this place.
 G = Mean time per level.
                   A        B        C        D        E       F      G
               +--------+--------+--------+--------+--------+-----+--------+
         Total |   2863 |   2790 |     73 |    144 |   2179 |   3 |  954.3 |
       Dungeon |   2863 |   2790 |     73 |    144 |   2179 |   3 |  954.3 |
               +--------+--------+--------+--------+--------+-----+--------+

Top non-repeatable levels by time:
     D:1: 1661 daAuts
     D:2: 940 daAuts
     D:3: 262 daAuts
